AoeStats
← ᅚᅚᅚᅚ

Hill Fort

504120024Analyzed
4v4 RM · 28d ago on Sep 4, 2026· 21m 13s· 8 players
Game mode
Random Map
Map size
Large (8 player)
Population
200
Speed
Normal
Resources
Standard
Victory
Conquest
Starting age
Dark Age
Ending age
Imperial Age
RankedLock teamsTeams togetherTeam positionsShared explorationLock speedFull tech treeHidden civsTurbo modeCheats
Victory
Defeat
🇷🇴 Maya · Romania
1244
+16
🇬🇧 Slavs · United Kingdom
1221
+17
🇨🇦 Wei · Canada
1219
+17
🇩🇪 Britons · Germany
1204
+18
🇨🇱 Khmer · Chile
1278
-19
🇨🇱 Hindustanis · Chile
1265
-18
🇨🇱 Vikings · Chile
1234
-17
🇨🇱 Japanese · Chile
1176
-14
mugur.andrei.gheorghe
0:35 Loom
10:11 Feudal Age
11:16 Double-Bit Axe
12:08 Fletching
12:19 Padded Archer Armor
12:40 Horse Collar
14:12 Arson
17:49 Forging
20:40 Town Watch
GoOverlay.com | AwE
10:52 Feudal Age
13:44 Loom
16:34 Castle Age
18:31 Double-Bit Axe
18:27 Horse Collar
21:51 Wheelbarrow
Chianti | AwE
10:43 Feudal Age
12:27 Wheelbarrow
12:58 Loom
15:56 Castle Age
14:15 Double-Bit Axe
14:21 Horse Collar
15:48 Stone Mining
18:05 Bow Saw
18:43 Heavy Plow
balgaro
4:24 Loom
11:05 Feudal Age
11:45 Double-Bit Axe
11:42 Horse Collar
11:54 Gold Mining
14:45 Wheelbarrow
15:32 Man-at-Arms
15:57 Arson
16:18 Scale Mail Armor
16:28 Forging
Pelantaro
2:34 Loom
AiM | yunito000
ᅚᅚᅚᅚ
Micho
Connection lost

Rejoining the realm…

Still unreachable

The connection could not be restored.

Session expired

The server has moved on; the page needs a fresh start.